Map: Deathaura LE

Players

LiquidClem (Clem) - Winner!

  • Race: Terran Terran
  • League: Master
  • Spawn Location: 11:00

Serral

  • Race: Zerg Zerg
  • League: Master
  • Spawn Location: 5:00

Event: DreamHack SC2 Masters 2020 Summer Europe

VOD

Have the link to the VOD?

Description

Time

  • Played on: July 11, 2020, 12:02 p.m.
  • Length: 17:03

All games in this series

Show
View Real Time Build Order
Export as new Build Order

LiquidClem Terran - Winner!

Build Orders: Gas First Reaper Expand, Liberator Opening 

Get SALT Encoding   

  12  0:00  SCV  
  13  0:13  SCV  
  14  0:17  Supply Depot  
  14  0:25  SCV  
  15  0:29  Refinery  
  15  0:38  SCV  
  16  0:44  Barracks  
  16  0:50  SCV  
  17  1:03  SCV  
  18  1:15  SCV  
  19  1:30  Orbital Command  
  19  1:31  Reaper  
  20  1:41  Command Center  
  20  1:53  Factory  
  20  1:57  SCV  
  21  2:07  Barracks Reactor  
  21  2:09  SCV  
  21  2:11  Supply Depot  
  22  2:17  Refinery  
  22  2:21  SCV  
  23  2:33  SCV  
  24  2:43  Starport  
  24  2:46  SCV  
  24  2:49  Hellion x2  
  24  2:51  Marine  
  30  2:55  Orbital Command  
  30  3:00  SCV  
  31  3:09  Marine  
  36  3:13  Hellion x2  
  36  3:20  Medivac  
  36  3:26  Armory  
  38  3:29  Marine  
  39  3:36  Supply Depot, Hellion  
  39  3:40  Hellion  
  43  3:44  SCV x2  
  45  3:50  Barracks Tech Lab  
  45  3:56  SCV  
  45  3:58  Liberator  
  45  4:00  Supply Depot  
  45  4:02  Hellion  
  51  4:06  Hellion  
  51  4:08  SCV  
  54  4:21  SCV x2  
  54  4:27  Bunker  
  51  4:33  SCV x2, Marine x2  
  51  4:35  Siege Tank  
  51  4:37  Supply Depot  
  51  4:38  Hellion x4  
  58  4:45  SCV  
  59  4:46  SCV  
  59  4:51  Marine x2  
  62  4:54  Supply Depot  
  62  4:59  SCV x2, Liberator  
  67  5:11  Siege Tank  
  70  5:19  Supply Depot  
  70  5:28  Marine  
  70  5:29  SCV x2  
  70  5:30  Marine  
  68  5:40  Command Center  
  68  5:41  SCV x2  
  68  5:45  Siege Tank  
  68  5:46  Marine  
  68  5:48  Marine  
  68  5:49  Medivac  
  73  5:53  SCV x2  
  73  5:56  Supply Depot  
  75  5:57  Barracks  
  75  6:00  Barracks  
  75  6:04  Supply Depot  
  75  6:05  SCV x2  
  75  6:06  Supply Depot  
  75  6:07  Refinery  
  75  6:08  Refinery  
  77  6:17  SCV  
  77  6:18  SCV  
  79  6:23  Factory Tech Lab  
  79  6:27  Engineering Bay x2  
  79  6:29  SCV, Supply Depot, Stimpack, Marine  
  79  6:30  SCV  
  82  6:33  Starport Reactor  
  82  6:41  SCV  
  82  6:42  SCV  
  82  6:46  Supply Depot  
  84  6:47  Marine  
  84  6:48  Barracks Reactor  
  84  6:52  Supply Depot  
  84  6:53  SCV  
  84  6:54  SCV  
  85  7:02  Terran Infantry Weapons Level 1, Terran Infantry Armor Level 1  
  85  7:05  Marine  
  85  7:08  Marine x2  
  83  7:10  SCV x2, Barracks  
  83  7:12  Barracks  
  83  7:14  Medivac  
  88  7:16  Medivac  
  88  7:22  Siege Tank  
  93  7:23  SCV x2  
  93  7:26  Orbital Command  
  93  7:28  Marine  
  96  7:30  Marine x2  
  96  7:35  SCV  
  96  7:37  SCV, Marine x2  
  102  7:46  Medivac, Marine  
  102  7:47  SCV  
  102  7:48  Medivac  
  102  7:49  SCV  
  109  7:51  Marine x2  
  109  7:53  SCV  
  112  7:59  SCV  
  112  8:00  Marine  
  112  8:02  SCV, Siege Tank  
  112  8:05  Barracks Reactor, Marine  
  118  8:06  SCV  
  118  8:08  Supply Depot x2, Combat Shield  
  118  8:11  Supply Depot, Refinery, Marine  
  118  8:12  SCV  
  122  8:13  Barracks Reactor  
  122  8:15  SCV, Marine  
  122  8:19  SCV, Marine  
  125  8:25  Factory  
  125  8:27  SCV  
  125  8:31  Marine  
  125  8:32  SCV, Marine  
  125  8:33  Command Center, Marine x2  
  131  8:37  Marine  
  132  8:42  Marine x2  
  132  8:45  Supply Depot  
  134  8:48  Factory Reactor, Marine  
  134  8:50  Marine x3  
  134  8:51  Marine x2  
  134  8:52  Terran Vehicle And Ship Armor Level 1  
  134  8:54  Supply Depot  
  134  8:55  Marine  
  141  8:57  Refinery  
  141  8:58  Medivac  
  141  8:59  Marine  
  141  9:00  Marine  
  145  9:06  Marine  
  145  9:08  Missile Turret, Marine x4  
  148  9:11  Missile Turret  
  148  9:12  Medivac, Missile Turret  
  148  9:13  Marine  
  148  9:15  Missile Turret, Factory Tech Lab  
  148  9:16  Marine  
  145  9:17  Marine  
  145  9:18  Terran Infantry Weapons Level 2  
  145  9:19  Terran Infantry Armor Level 2  
  145  9:23  Marine  
  147  9:24  SCV, Marine  
  147  9:25  SCV, Marine  
  147  9:26  Marine  
  147  9:29  Marine x2  
  154  9:32  Supply Depot, Marine  
  154  9:35  Marine  
  154  9:37  Drilling Claws  
  156  9:39  Widow Mine  
  156  9:40  Widow Mine  
  156  9:43  Thor  
  165  9:48  Marine  
  165  9:50  Marine  
  155  9:53  Marine x2  
  155  9:58  Marine x3  
  155  9:59  Marine x2  
  140  10:01  Widow Mine x2  
  140  10:05  Liberator  
  140  10:06  Marine  
  147  10:08  Marine  
  147  10:11  Marine x2  
  150  10:16  Marine x3  
  150  10:18  Medivac  
  150  10:19  Marine  
  155  10:22  Missile Turret, Widow Mine x2  
  155  10:26  Thor  
  165  10:32  Planetary Fortress, Sensor Tower  
  165  10:33  SCV x2  
  167  10:38  SCV, Missile Turret  
  167  10:39  Marine x3  
  171  10:45  SCV, Missile Turret  
  171  10:48  Widow Mine  
  171  10:49  Marine  
  175  10:54  Marine x3  
  175  10:55  SCV  
  179  10:58  Widow Mine, Marine  
  179  10:59  Marauder, Marine  
  179  11:00  Marine  
  179  11:01  Marine  
  187  11:06  Terran Vehicle And Ship Armor Level 2  
  187  11:07  Marine  
  188  11:11  Command Center  
  188  11:12  Marine  
  188  11:16  Widow Mine  
  181  11:20  Marauder  
  181  11:22  Marine, Widow Mine  
  181  11:24  Marine x2  
  188  11:27  Widow Mine  
  188  11:28  SCV, Medivac  
  188  11:31  SCV, Marine x3  
  195  11:35  Marine x2  
  195  11:37  Widow Mine  
  196  11:40  Marine  
  196  11:41  Liberator  
  200  11:47  Barracks x2  
  200  11:49  Barracks  
  200  11:51  Command Center  
  200  11:53  Widow Mine  
  191  11:54  Missile Turret  
  191  11:56  Marauder, Marine x3, Widow Mine  
  191  11:59  Marine  
  181  12:03  Widow Mine, Marine  
  181  12:05  SCV  
  185  12:09  Terran Infantry Weapons Level 3, Terran Infantry Armor Level 3  
  185  12:14  Widow Mine  
  185  12:17  Widow Mine  
  185  12:18  Marauder  
  185  12:22  Marine x2  
  189  12:23  Marine x6  
  189  12:24  Widow Mine  
  195  12:37  Widow Mine  
  195  12:39  Marauder  
  195  12:40  Marine x2, Liberator  
  195  12:41  Widow Mine  
  181  12:45  Marine  
  181  12:46  Marine x2  
  181  12:47  Widow Mine  
  181  12:51  Marine  
  172  12:52  Planetary Fortress  
  172  12:57  SCV x2  
  172  12:58  Marine  
  169  12:59  Marine  
  169  13:01  Marauder  
  169  13:04  Widow Mine  
  169  13:05  Marine  
  168  13:07  Marine x2  
  168  13:08  SCV  
  168  13:10  Marine x2  
  164  13:14  Marine x4  
  159  13:22  Marauder  
  159  13:24  Widow Mine  
  155  13:27  Marine x2  
  155  13:28  Marine x3  
  155  13:31  Marine x2  
  155  13:32  SCV x3, Widow Mine  
  156  13:37  Medivac, Widow Mine, Marine x2  
  156  13:38  Marine  
  156  13:39  Barracks Tech Lab  
  158  13:43  Marauder  
  158  13:45  Marine  
  153  13:56  Marine, Widow Mine  
  153  13:57  Medivac  
  153  14:02  Missile Turret  
  158  14:04  Marauder, Widow Mine  
  158  14:05  Marauder  
  158  14:06  Marine x2  
  158  14:07  Medivac, Command Center  
  158  14:13  Widow Mine, Marine x2  
  158  14:15  Marine  
  158  14:16  Barracks Tech Lab  
  161  14:17  Barracks Tech Lab  
  161  14:22  Planetary Fortress  
  161  14:23  Missile Turret  
  161  14:24  Missile Turret  
  161  14:25  Widow Mine  
  161  14:26  Marauder x2  
  161  14:27  Medivac  
  161  14:29  Marine  
  161  14:30  Marine  
  168  14:37  Thor  
  168  14:38  Marauder  
  176  14:39  Marauder, Marine  
  176  14:41  Marine x2  
  176  14:45  Marine x2  
  182  14:47  Marauder x2  
  182  14:51  Widow Mine  
  174  14:54  Widow Mine  
  174  14:58  Marine x2  
  174  14:59  Marauder  
  179  15:00  Medivac  
  179  15:01  Medivac, Marauder  
  179  15:04  Marine  
  179  15:05  Marine x4  
  190  15:08  Marauder  
  190  15:09  Marauder  
  190  15:13  Widow Mine  
  196  15:14  Marine  
  196  15:16  Marine  
  196  15:21  Marauder  
  200  15:25  Command Center  
  198  15:31  Marauder, Marine  
  198  15:32  Marine x2  
  198  15:33  Thor  
  198  15:35  Medivac x2, Marine x2  
  190  15:36  Marauder x2  
  190  15:38  Marine, Widow Mine  
  190  15:39  Marine x2  
  190  15:41  Marine  
  188  15:44  Widow Mine  
  188  15:49  Marine  
  183  15:53  Planetary Fortress, Marauder  
  183  15:54  Marine x2  
  183  15:55  SCV, Marine x2  
  190  15:57  Marauder  
  190  15:58  Marine x2  
  190  15:59  Marauder  
  190  16:04  Missile Turret, Widow Mine  
  197  16:05  Marine x2  
  197  16:07  Marine  
  195  16:12  Marine, Widow Mine  
  195  16:14  Marauder, Marine  
  189  16:18  Marauder  
  189  16:19  Marine  
  189  16:20  Marauder  
  189  16:21  Marine x3, Widow Mine  
  189  16:23  Marauder  
  199  16:27  Marine  
  199  16:31  Widow Mine  
  196  16:33  Medivac  
  196  16:35  Marauder, Widow Mine  
  196  16:37  Marine x2  
  194  16:40  Marauder  
  194  16:43  Marine x2  
Show
View Real Time Build Order
Export as new Build Order

Serral Zerg 

Build Orders: Hatch First, Muta Ling Bane 

Get SALT Encoding   

  12  0:00  Drone  
  13  0:13  Overlord  
  13  0:16  Drone  
  14  0:31  Drone x2  
  16  0:47  Hatchery  
  15  0:52  Drone  
  15  0:55  Drone  
  17  0:58  Drone  
  18  1:10  Extractor  
  17  1:13  Spawning Pool  
  17  1:16  Drone  
  17  1:19  Drone  
  18  1:28  Drone  
  19  1:39  Drone  
  20  1:51  Overlord  
  20  1:59  Queen  
  20  2:00  Queen  
  20  2:01  Zergling x4  
  26  2:09  Drone  
  26  2:11  Drone  
  26  2:13  Metabolic Boost  
  28  2:20  Drone  
  28  2:22  Drone  
  30  2:33  Overlord  
  30  2:35  Queen, Drone  
  33  2:41  Drone  
  33  2:43  Drone  
  35  2:52  Drone  
  35  2:55  Drone  
  37  3:02  Spore Crawler  
  37  3:04  Roach Warren  
  36  3:09  Drone x8  
  44  3:16  Extractor  
  44  3:19  Overlord  
  43  3:27  Hatchery  
  43  3:31  Overlord  
  43  3:33  Overlord  
  42  3:46  Roach x5  
  52  3:52  Roach x2  
  58  3:55  Roach  
  58  3:57  Roach  
  60  4:11  Zergling x8  
  63  4:17  Overlord  
  63  4:18  Drone  
  63  4:19  Drone x3  
  63  4:22  Overlord  
  63  4:23  Drone  
  68  4:27  Overlord  
  67  4:31  Overlord  
  67  4:35  Queen  
  69  4:40  Queen  
  69  4:45  Ravager x3  
  74  4:46  Zergling x4  
  74  4:48  Drone  
  74  4:49  Drone  
  74  4:51  Drone  
  79  4:55  Overlord  
  79  4:56  Ravager, Drone  
  79  4:58  Drone  
  79  4:59  Drone  
  83  5:01  Drone  
  83  5:05  Drone  
  85  5:07  Drone x2  
  85  5:11  Lair  
  85  5:13  Drone  
  88  5:20  Ravager, Drone x5  
  94  5:23  Drone  
  94  5:28  Drone  
  94  5:31  Drone  
  94  5:35  Evolution Chamber  
  91  5:37  Evolution Chamber, Drone  
  91  5:39  Extractor  
  91  5:40  Drone  
  91  5:43  Drone x4  
  95  5:53  Drone x2  
  95  5:55  Drone  
  97  5:57  Extractor  
  97  5:58  Baneling Nest  
  97  6:02  Drone  
  96  6:04  Zerg Ground Armor Level 1  
  96  6:06  Drone  
  96  6:07  Drone  
  96  6:08  Extractor x2  
  96  6:09  Hatchery  
  95  6:12  Drone x2  
  95  6:13  Drone  
  95  6:16  Spore Crawler, Drone x2  
  100  6:18  Zergling x2  
  100  6:19  Overseer  
  100  6:21  Zerg Melee Weapons Level 1  
  100  6:28  Drone x2  
  100  6:29  Zergling x8  
  100  6:31  Overlord x3  
  106  6:39  Overlord  
  106  6:41  Overlord  
  106  6:43  Baneling x6  
  106  6:52  Zergling x10  
  109  7:00  Zergling x6  
  109  7:01  Zergling x4  
  114  7:09  Centrifical Hooks, Drone  
  114  7:13  Drone x4  
  114  7:15  Drone x3  
  122  7:19  Spire  
  122  7:21  Queen  
  122  7:22  Drone x3  
  126  7:27  Overlord  
  126  7:33  Zergling x2  
  126  7:34  Zergling x4  
  126  7:35  Hatchery  
  128  7:39  Overlord  
  128  7:41  Drone  
  128  7:43  Zergling x8  
  132  7:45  Spore Crawler  
  132  7:47  Overlord  
  132  7:48  Drone  
  132  7:53  Pneumatized Carapace  
  132  7:54  Overlord  
  132  7:55  Overlord, Overseer  
  132  7:58  Zergling x2  
  132  7:59  Zergling x10  
  132  8:03  Queen  
  138  8:06  Hatchery  
  138  8:08  Zerg Ground Armor Level 2  
  138  8:09  Drone x5  
  138  8:12  Zergling x2, Overlord  
  143  8:13  Zergling x2  
  143  8:17  Overlord  
  143  8:29  Zerg Melee Weapons Level 2  
  143  8:30  Mutalisk x4  
  143  8:31  Mutalisk x4  
  159  8:36  Baneling x5  
  159  8:37  Baneling  
  159  8:38  Zergling x6  
  159  8:39  Zergling x6  
  165  8:43  Baneling x4  
  165  8:48  Drone, Extractor  
  164  8:49  Zergling x2  
  164  8:50  Zergling x16  
  164  8:55  Baneling x4  
  174  8:58  Baneling x6  
  174  8:59  Zergling x8  
  177  9:13  Mutalisk x2  
  177  9:16  Drone x2  
  183  9:20  Drone x3  
  186  9:24  Drone x2  
  186  9:29  Infestation Pit  
  186  9:31  Mutalisk x3  
  187  9:35  Zergling x12  
  199  9:41  Baneling x8  
  175  9:56  Zergling x2  
  175  9:57  Zergling x38  
  172  10:04  Mutalisk x3  
  172  10:05  Mutalisk  
  171  10:07  Queen  
  171  10:09  Baneling x4  
  171  10:11  Zergling x6  
  171  10:12  Zergling x6  
  177  10:14  Baneling x5  
  177  10:16  Zergling x2  
  177  10:17  Zergling x4  
  177  10:18  Baneling  
  177  10:19  Baneling x2  
  176  10:21  Zergling x2  
  176  10:22  Zergling x8  
  176  10:23  Baneling x4  
  179  10:29  Zergling x16  
  179  10:33  Overseer  
  185  10:37  Drone x5  
  185  10:40  Spine Crawler, Spore Crawler  
  188  10:44  Hive, Mutalisk x2  
  188  10:47  Overlord  
  192  10:51  Hatchery  
  192  10:54  Baneling x7  
  191  10:58  Drone  
  191  10:59  Zergling x16  
  199  11:08  Hatchery  
  199  11:11  Baneling x13  
  198  11:14  Zergling x2  
  198  11:15  Zergling x4  
  198  11:17  Baneling x3  
  198  11:18  Baneling x2  
  199  11:29  Zergling x6  
  199  11:31  Drone x2  
  199  11:32  Drone  
  198  11:38  Zergling x10  
  199  11:40  Baneling x11  
  192  11:59  Zergling x42  
  185  12:01  Mutalisk x3  
  189  12:08  Baneling x10  
  189  12:12  Baneling  
  189  12:13  Baneling x5  
  189  12:14  Zergling x4  
  189  12:15  Zergling x18  
  199  12:19  Baneling x5  
  180  12:42  Zergling x4  
  180  12:43  Zergling x44  
  183  12:48  Zergling x6  
  172  12:58  Zergling x20  
  182  13:01  Zergling x6  
  182  13:02  Baneling x7  
  182  13:03  Baneling x9  
  182  13:05  Zergling x4  
  148  13:13  Zergling x6  
  139  13:22  Zergling x2  
  139  13:23  Zergling x14  
  140  13:29  Zergling x14  
  140  13:34  Drone x3  
  136  13:35  Drone x3  
  136  13:39  Zerg Melee Weapons Level 3, Zerg Ground Armor Level 3  
  136  13:41  Adrenal Glands, Queen x2  
  135  13:42  Queen  
  135  13:44  Drone x4  
  143  13:48  Zergling x8  
  147  14:02  Zergling x12  
  153  14:03  Ultralisk Cavern  
  153  14:04  Baneling x5  
  153  14:05  Baneling x2  
  153  14:07  Zergling x8  
  153  14:09  Hatchery  
  155  14:13  Baneling x4  
  155  14:24  Zergling x24  
  155  14:26  Baneling x3  
  155  14:27  Baneling x9  
  155  14:29  Drone  
  167  14:32  Drone  
  167  14:33  Drone x2  
  167  14:34  Drone x2  
  172  14:39  Zergling x10  
  172  14:47  Drone  
  172  14:48  Drone x6  
  164  14:54  Chitinous Plating  
  164  14:56  Overlord  
  164  14:59  Overlord  
  158  15:01  Overseer x2  
  158  15:04  Zergling x16  
  158  15:06  Baneling x6  
  166  15:13  Zergling x14  
  166  15:14  Zergling x2  
  172  15:22  Baneling  
  172  15:23  Baneling x5  
  166  15:31  Zergling x18  
  154  15:44  Drone x3  
  154  15:46  Ultralisk  
  148  15:53  Drone x2  
  148  15:55  Ultralisk  
  155  16:02  Ultralisk  
  161  16:06  Drone x4  
  163  16:12  Anabolic Synthesis  
  158  16:20  Zergling x2, Ultralisk x2  
  158  16:24  Overseer  
  170  16:26  Baneling  
  170  16:27  Baneling x4  
  166  16:37  Zergling x4  
  166  16:38  Hatchery  
Tags
 
Add a new tag
Caveats
  • Supply blocks, unpowered buildings, or Contaminate may cause inaccurate times.
  • Supply counts are checked every 10 seconds.